Map: Forgotten Sanctuary

Players

porlahierba - Winner!

  • Race: Terran Terran
  • Spawn Location: 9:00

HydraCMNDR - Winner!

  • Race: Zerg Zerg
  • League: Platinum
  • Spawn Location: 12:00

JaySlays - Winner!

  • Race: Terran Terran
  • Spawn Location: 12:00

Wolf - Winner!

  • Race: Terran Terran
  • League: Diamond
  • Spawn Location: 9:00

Rambo

  • Race: Protoss Protoss
  • League: Platinum
  • Spawn Location: 6:00

Nico

  • Race: Zerg Zerg
  • Spawn Location: 3:00

RKL

  • Race: Zerg Zerg
  • League: Diamond
  • Spawn Location: 6:00

TITAN

  • Race: Terran Terran
  • Spawn Location: 3:00

VOD

Have the link to the VOD?

Description

Time

  • Played on: April 3, 2018, 11:05 p.m.
  • Length: 15:02
Show
View Real Time Build Order
Export as new Build Order

porlahierba Terran - Winner!

Build Orders: Command Center First (CC), MMM Bio 

Get SALT Encoding   

  12  0:06  SCV  
  13  0:18  SCV  
  13  0:21  Supply Depot  
  14  0:30  SCV  
  15  0:43  SCV  
  16  0:55  SCV  
  17  1:06  Command Center  
  17  1:10  Refinery  
  17  1:13  SCV  
  18  1:23  Barracks  
  18  1:26  SCV  
  19  1:38  SCV  
  20  1:43  Refinery  
  20  1:50  SCV  
  21  2:02  SCV  
  22  2:14  Factory, SCV  
  23  2:18  Barracks Tech Lab  
  23  2:19  Barracks  
  23  2:24  Orbital Command  
  23  2:34  Orbital Command  
  23  2:46  Barracks Tech Lab  
  23  2:53  Refinery  
  23  2:56  SCV  
  24  3:08  SCV  
  24  3:10  Starport  
  25  3:20  SCV  
  25  3:23  Siege Tank  
  29  3:32  SCV  
  30  3:40  Stimpack  
  30  3:42  SCV  
  30  3:45  SCV  
  30  3:46  Barracks Reactor  
  32  3:48  Starport Tech Lab  
  32  3:54  SCV  
  33  3:57  SCV, Marauder  
  33  3:58  Refinery  
  36  4:06  SCV  
  36  4:09  SCV  
  38  4:32  Liberator  
  35  4:41  Marine x2, Marauder  
  37  4:49  Cyclone  
  43  4:55  Supply Depot  
  43  5:01  Supply Depot  
  43  5:04  Marine  
  43  5:05  Marauder  
  46  5:17  Marine  
  50  5:21  Siege Tank  
  50  5:22  Marine  
  50  5:26  Marauder  
  53  5:34  Marine  
  54  5:40  Marine  
  54  5:47  Marine, Medivac  
  54  5:49  High Capacity Fuel Tanks  
  57  5:52  Marine  
  58  5:57  Barracks  
  58  5:58  Marine  
  59  6:05  Marauder, Engineering Bay  
  59  6:10  Marine  
  62  6:45  Terran Infantry Weapons Level 1  
  62  6:46  Supply Depot  
  62  7:05  Barracks Reactor  
  62  7:07  Marine x2  
  62  7:08  Marauder  
  66  7:15  Engineering Bay  
  63  7:25  Marine x2  
  63  7:29  Marauder  
  67  7:35  Armory  
  67  7:38  Starport Reactor  
  67  7:42  Terran Infantry Armor Level 1  
  67  7:43  Marine x2  
  69  7:44  Concussive Shells  
  69  7:50  Marine  
  70  7:56  Marine x2  
  72  8:00  Marine x2  
  72  8:04  Supply Depot x2  
  72  8:05  Supply Depot  
  74  8:08  Marauder  
  76  8:14  Factory  
  76  8:15  Medivac  
  78  8:24  Marine x2, Medivac  
  78  8:26  Combat Shields  
  82  8:28  Supply Depot  
  82  8:29  Supply Depot  
  82  8:30  Marauder  
  82  8:31  Supply Depot  
  82  8:34  Terran Vehicle And Ship Armor Level 1  
  84  8:35  Marine x2  
  84  8:37  Thor  
  92  8:42  Marine x2  
  92  8:46  Medivac  
  96  8:51  Marauder  
  96  8:53  Marine  
  96  8:54  Medivac  
  101  9:03  Missile Turret  
  101  9:04  Sensor Tower  
  101  9:12  Marine, Marauder  
  101  9:13  Marine  
  105  9:24  Missile Turret  
  105  9:34  Marauder  
  107  9:44  Marine  
  107  9:45  Marine x3, Missile Turret  
  111  9:46  Medivac x2  
  111  9:49  Terran Infantry Weapons Level 2  
  111  9:52  Terran Infantry Armor Level 2  
  115  9:55  Marauder  
  117  10:02  Marine  
  117  10:03  Marine x3  
  121  10:08  Missile Turret  
  121  10:16  Medivac, Marauder  
  121  10:20  Marine x3  
  111  10:38  Marauder  
  108  10:44  Marine x4  
  111  10:59  Marauder  
  111  11:01  Marine  
  111  11:02  Marine  
  111  11:03  Marine x2  
  113  11:19  Marine  
  113  11:20  Marine  
  113  11:21  Marine x2, Marauder  
  119  11:27  Medivac x2  
  123  11:37  Marine x2  
  123  11:38  Marine  
  123  11:39  Marine  
  127  11:42  Marauder  
  126  11:55  Marine x2  
  126  11:56  Marine  
  126  11:57  Marine, Medivac  
  126  12:00  Thor x2  
  140  12:03  Marauder  
  140  12:13  Marine  
  140  12:15  Terran Infantry Weapons Level 3  
  141  12:25  Marauder  
  143  12:33  Terran Vehicle Weapons Level 1  
  143  12:43  Siege Tank  
  146  12:46  Marine x2, Marauder  
  150  13:08  Marauder  
  152  13:17  Marine  
  152  13:18  Marine x3  
  156  13:29  Marauder  
  158  13:35  Marine  
  158  13:36  Marine x3  
  158  13:50  Marauder  
  158  13:53  Marine x4  
  160  14:11  Marine x3  
  160  14:12  Marauder  
  160  14:14  Marine  
  166  14:28  Marine  
  166  14:29  Marine x2  
  169  14:31  Marine  
  169  14:33  Marauder  
Show
View Real Time Build Order
Export as new Build Order

HydraCMNDR Zerg - Winner!

Build Orders: Hatch First 

Get SALT Encoding   

  12  0:04  Drone  
  13  0:13  Overlord  
  13  0:17  Drone  
  14  0:24  Extractor, Drone  
  15  0:32  Drone  
  16  0:37  Drone  
  17  0:57  Hatchery  
  16  1:04  Drone x2  
  16  1:07  Extractor  
  16  1:09  Drone  
  18  1:25  Spawning Pool  
  17  1:33  Drone x2  
  19  1:41  Drone  
  20  1:57  Hatchery  
  20  1:59  Drone  
  20  2:04  Overlord  
  20  2:15  Drone  
  21  2:19  Overlord  
  21  2:30  Drone x2  
  23  2:38  Spine Crawler  
  23  2:42  Drone, Spine Crawler  
  22  2:46  Drone  
  23  2:52  Queen  
  25  3:00  Drone, Spine Crawler  
  25  3:02  Drone  
  25  3:04  Drone  
  27  3:08  Drone  
  27  3:09  Drone  
  29  3:14  Drone x2  
  29  3:17  Drone  
  29  3:19  Drone  
  33  3:21  Drone  
  33  3:24  Drone  
  35  3:30  Drone  
  35  3:31  Drone  
  37  3:39  Queen  
  39  3:44  Drone  
  39  3:45  Drone x2  
  39  3:47  Pneumatized Carapace, Overlord  
  42  3:53  Extractor  
  42  3:54  Extractor  
  40  3:56  Zergling x4  
  42  4:16  Overlord x4  
  37  4:25  Metabolic Boost  
  37  4:29  Drone  
  37  4:30  Drone x2  
  39  4:33  Drone x2  
  39  4:35  Drone  
  39  4:36  Drone x2  
  44  4:41  Extractor  
  44  4:44  Lair  
  44  4:45  Roach Warren  
  42  4:47  Zergling x4  
  42  4:48  Zergling x2  
  42  4:50  Zergling x2  
  39  5:02  Zergling x4  
  39  5:03  Zergling x4  
  21  5:15  Zergling x8  
  21  5:18  Zergling x4  
  17  5:31  Queen  
  17  5:34  Zergling x2  
  20  5:37  Drone  
  21  5:47  Drone  
  22  5:58  Drone  
  23  6:14  Drone  
  24  6:20  Drone  
  25  6:26  Drone  
  25  6:30  Drone  
  27  6:40  Drone x2  
  27  6:43  Drone  
  30  6:47  Drone  
  30  6:50  Drone  
  32  6:54  Drone  
  32  7:00  Drone x2  
  35  7:04  Drone  
  35  7:15  Drone x2  
  36  7:16  Drone x2  
  36  7:17  Drone  
  36  7:19  Drone  
  41  7:26  Drone x2  
  41  7:27  Hydralisk Den  
  41  7:29  Drone x2  
  44  7:36  Drone  
  45  7:39  Drone x2  
  45  7:40  Drone  
  48  7:53  Drone  
  49  8:00  Drone x2  
  49  8:04  Extractor  
  50  8:06  Hydralisk x3  
  50  8:07  Extractor  
  50  8:10  Drone  
  50  8:12  Grooved Spines  
  56  8:15  Drone  
  56  8:16  Drone  
  58  8:26  Spore Crawler  
  57  8:28  Overlord x3  
  57  8:30  Drone  
  58  8:47  Glial Reconstitution  
  58  8:48  Drone x2  
  60  8:54  Evolution Chamber  
  59  8:57  Drone x6, Evolution Chamber  
  59  8:58  Drone  
  59  8:59  Queen  
  67  9:03  Hydralisk  
  67  9:05  Roach x3  
  73  9:15  Roach x4  
  72  9:18  Hydralisk  
  72  9:19  Roach x2  
  76  9:26  Drone  
  77  9:32  Drone x2  
  79  9:39  Roach  
  79  9:41  Overlord x4  
  79  9:44  Zerg Missile Weapons Level 1  
  79  9:45  Zerg Ground Armor Level 1  
  81  9:47  Muscular Augments  
  81  9:52  Ravager  
  82  9:57  Extractor, Drone  
  82  9:59  Drone x3  
  85  10:01  Hydralisk, Roach  
  85  10:02  Roach x2  
  85  10:04  Roach  
  85  10:05  Roach  
  89  10:38  Spore Crawler  
  82  10:45  Drone x4  
  82  10:46  Drone x3  
  89  10:53  Overlord x2  
  88  11:13  Hydralisk x2  
  88  11:14  Hydralisk x4  
  100  11:19  Spore Crawler  
  100  11:23  Spore Crawler  
  98  11:26  Spore Crawler  
  98  11:28  Hydralisk  
  99  11:34  Zergling x2  
  99  11:36  Overlord x2  
  100  11:53  Queen x2  
  104  11:56  Hydralisk x2, Infestation Pit  
  104  11:57  Roach x2  
  111  12:07  Hydralisk, Roach  
  115  12:23  Overlord x3  
  115  12:32  Spore Crawler  
  115  12:34  Hatchery, Pathogen Glands  
  113  12:38  Roach  
  113  12:40  Overlord  
  113  12:41  Overlord  
  113  12:44  Hydralisk  
  115  12:45  Hatchery  
  116  12:53  Hydralisk x2  
  120  13:14  Roach x2  
  120  13:15  Zergling x12  
  130  13:33  Ravager x2  
  132  13:34  Hatchery  
  132  13:35  Zergling x8  
  135  13:46  Drone  
  136  13:53  Drone  
  136  13:54  Drone x4  
  141  13:55  Queen  
  141  13:57  Roach  
  141  13:59  Hydralisk  
  105  14:22  Hydralisk  
  105  14:23  Hydralisk x3, Roach x3  
  105  14:24  Roach x2  
  97  14:39  Roach x3  
  97  14:40  Roach  
Show
View Real Time Build Order
Export as new Build Order

JaySlays Terran - Winner!

Build Orders: Cyclone Opening, Mech 

Get SALT Encoding   

  12  0:01  SCV  
  13  0:13  SCV  
  14  0:19  Supply Depot  
  14  0:25  SCV  
  15  0:30  Refinery  
  15  0:40  SCV  
  16  0:47  Barracks  
  16  0:52  SCV  
  17  0:59  Refinery  
  17  1:05  SCV  
  18  1:17  SCV  
  20  1:34  Orbital Command  
  20  1:36  Barracks Reactor  
  19  1:45  Factory  
  19  1:59  SCV  
  20  2:09  Supply Depot  
  20  2:27  Command Center  
  20  2:33  SCV  
  21  2:39  Cyclone  
  24  2:46  Cyclone  
  27  2:56  SCV  
  28  3:08  SCV  
  29  3:20  SCV  
  29  3:22  Supply Depot  
  29  3:24  Supply Depot  
  30  3:32  SCV  
  31  3:39  Cyclone x2  
  37  3:44  SCV  
  37  3:46  Orbital Command  
  38  3:56  SCV  
  39  4:09  Marine  
  33  4:11  Cyclone  
  35  4:21  Cyclone  
  37  4:27  SCV x2  
  39  4:39  SCV x2  
  39  4:43  Cyclone  
  37  4:53  Cyclone  
  33  5:10  SCV  
  33  5:11  SCV  
  35  5:15  Cyclone  
  38  5:25  Cyclone  
  38  5:29  SCV  
  38  5:30  SCV  
  40  5:41  SCV  
  40  5:42  SCV  
  42  5:45  Factory  
  42  5:50  Refinery  
  42  5:54  SCV x2  
  44  6:01  Cyclone x2  
  50  6:06  SCV  
  51  6:13  Armory  
  51  6:17  SCV  
  51  6:18  SCV  
  53  6:29  SCV, Factory Tech Lab  
  53  6:31  SCV  
  55  6:39  Cyclone x2  
  61  6:41  SCV  
  61  6:46  Refinery  
  62  7:27  Supply Depot  
  62  7:28  Cyclone x2  
  62  7:29  Supply Depot  
  68  7:30  SCV x2  
  68  7:35  Terran Vehicle Weapons Level 1  
  70  7:49  SCV x2  
  70  7:51  Siege Tank  
  75  8:01  SCV x2  
  77  8:12  Cyclone x2  
  83  8:19  Factory  
  83  8:23  Siege Tank, Factory  
  86  8:34  Infernal Pre-Igniter  
  86  8:59  Supply Depot  
  86  9:02  Supply Depot  
  80  9:05  Command Center  
  59  9:10  Command Center  
  53  9:22  Supply Depot  
  47  9:25  Supply Depot  
  47  9:26  Factory Reactor  
  47  9:33  Factory Tech Lab  
  47  9:35  Terran Vehicle Weapons Level 2  
  47  9:39  Siege Tank  
  47  9:41  Hellion  
  47  9:42  Hellion  
  47  9:45  Supply Depot  
  54  9:48  Supply Depot  
  54  10:00  Smart Servos  
  54  10:03  Hellion x2  
  54  10:06  SCV  
  60  10:07  SCV  
  60  10:12  Hellbat x3  
  69  10:18  SCV  
  69  10:19  SCV  
  71  10:21  Engineering Bay  
  71  10:24  Hellion x2  
  75  10:30  SCV  
  75  10:31  SCV, Thor  
  75  10:33  Hellbat, Thor  
  88  10:43  SCV x2  
  88  10:45  Hellion  
  88  10:46  Hellion  
  86  10:55  SCV x2  
  66  11:14  Thor  
  66  11:16  Thor  
  78  11:18  SCV  
  78  11:20  Missile Turret  
  79  11:29  Hellbat x4  
  79  11:30  SCV  
  88  11:38  SCV  
  89  11:43  SCV  
  90  11:47  Refinery  
  90  11:49  Refinery  
  90  11:50  Hellbat  
  90  11:51  Terran Vehicle And Ship Armor Level 1  
  93  11:57  Thor  
  93  11:58  Thor  
  93  12:01  Orbital Command  
  105  12:03  Orbital Command  
  105  12:05  SCV x2  
  106  12:17  SCV  
  106  12:18  Hellbat, SCV  
  106  12:19  Hellbat x3  
  116  12:27  SCV, Armory  
  116  12:29  SCV  
  118  12:30  SCV  
  118  12:31  SCV  
  120  12:39  SCV  
  120  12:40  Hellbat, Thor  
  120  12:41  SCV, Thor  
  120  12:42  SCV  
  120  12:43  SCV  
  138  12:51  SCV, Refinery  
  138  12:53  SCV  
  138  12:54  SCV, Refinery  
  138  12:55  SCV  
  142  13:03  Hellbat, SCV  
  142  13:04  Hellbat x3  
  151  13:05  SCV  
  151  13:06  SCV  
  151  13:08  SCV  
  154  13:15  SCV  
  155  13:23  Thor  
  155  13:24  Thor  
  155  13:25  Hellbat x2  
  171  13:37  Command Center  
  171  13:49  Missile Turret  
  171  13:55  Missile Turret  
  171  14:09  Missile Turret  
  171  14:16  Thor  
  171  14:17  Missile Turret  
  171  14:19  Thor  
  157  14:31  Hellbat  
  157  14:32  Hellbat x3  
  157  14:37  Missile Turret  
  163  14:41  SCV x2  
Show
View Real Time Build Order
Export as new Build Order

Wolf Terran - Winner!

Build Orders: MMM Bio 

Get SALT Encoding   

  12  0:01  SCV  
  13  0:13  SCV  
  14  0:18  Supply Depot  
  14  0:25  SCV  
  15  0:40  SCV  
  16  0:43  Barracks  
  16  0:47  Refinery  
  16  0:52  SCV  
  17  1:04  SCV  
  18  1:16  SCV  
  19  1:28  SCV  
  20  1:34  Barracks, Barracks Tech Lab  
  20  1:36  Barracks  
  20  1:40  SCV  
  20  1:42  Refinery  
  21  1:53  Marine  
  22  1:59  Stimpack  
  23  2:02  Orbital Command  
  22  2:15  Marine  
  22  2:21  Barracks Tech Lab  
  22  2:22  Barracks Reactor  
  23  2:29  Supply Depot  
  23  2:33  Marine, SCV  
  25  2:44  Marauder  
  25  2:46  SCV  
  25  2:48  Combat Shields  
  28  2:52  Marine  
  29  3:04  Supply Depot  
  29  3:05  Marine  
  29  3:07  Marine  
  29  3:10  Marine  
  32  3:13  Marine  
  33  3:24  Marauder  
  35  3:31  Marine x2  
  35  3:34  Marauder  
  39  3:45  Marauder  
  41  3:53  Supply Depot, Marine  
  42  4:00  Concussive Shells  
  42  4:02  Marine x2  
  44  4:13  Marine x2  
  46  4:20  Marine  
  46  4:31  Marine  
  46  4:32  Marauder x2  
  51  4:52  Marine x2  
  53  4:53  Marine x2  
  53  4:59  Factory  
  55  5:42  Marine  
  55  5:44  Marine x3  
  46  6:01  Marauder  
  46  6:02  Marine x2, Marauder  
  41  6:20  Marine x2  
  41  6:22  Marine  
  41  6:24  Marauder  
  38  6:26  Supply Depot  
  38  6:29  Command Center  
  38  6:39  Factory Reactor  
  38  6:40  Starport, Marauder  
  38  6:41  SCV  
  36  6:48  Supply Depot  
  36  6:53  Marine x2, SCV  
  36  6:54  Marine  
  32  7:01  Marine  
  31  7:11  Marine x2  
  31  7:12  Marauder  
  35  7:17  Engineering Bay  
  35  7:19  Marine  
  36  7:23  SCV  
  36  7:27  Medivac  
  36  7:28  Medivac  
  41  7:30  Marine  
  41  7:32  Marine  
  41  7:35  SCV  
  44  7:44  Terran Infantry Weapons Level 1  
  44  7:48  Orbital Command  
  44  7:50  SCV  
  45  7:57  Factory Tech Lab  
  45  7:59  Marine x2, Marauder  
  45  8:03  SCV, Marauder  
  52  8:16  Marine x2  
  54  8:20  Marine  
  54  8:24  Marine  
  54  8:26  Medivac x2  
  60  8:30  Siege Tank  
  63  8:34  Marine, SCV  
  63  8:35  SCV  
  63  8:39  Marauder  
  63  8:40  Refinery  
  68  8:43  Refinery  
  68  8:47  SCV x2  
  68  8:48  Marauder  
  72  8:50  Marine  
  73  8:59  SCV x2  
  73  9:00  Marauder  
  73  9:27  Marine x2  
  73  9:28  Marauder x2  
  79  9:31  Medivac x2  
  79  9:32  Siege Tank  
  86  9:38  Terran Infantry Armor Level 1  
  86  9:46  Supply Depot  
  86  9:52  Supply Depot  
  86  10:07  Marine x2  
  86  10:08  SCV x2, Marauder x2  
  86  10:09  Supply Depot  
  94  10:25  Marine x2  
  96  10:29  Marine x2  
  98  10:43  Marine  
  98  10:44  Marine  
  98  10:45  Command Center  
  98  10:46  Marine x2  
  98  10:48  SCV  
  98  10:49  SCV  
  104  10:51  Siege Tank  
  104  10:52  Viking  
  109  11:01  Marine  
  110  11:10  Marine  
  109  11:12  Viking  
  106  11:22  Marine  
  106  11:23  Marine x2  
  109  11:27  Marine  
  109  11:30  Barracks  
  109  11:31  Barracks  
  110  11:56  Marine x2  
  110  12:03  SCV x2  
  110  12:04  Marine x2  
  112  12:11  Liberator x2  
  112  12:14  Marine x2  
  114  12:23  Barracks Reactor x2  
  114  12:24  Marine x2  
  114  12:26  Siege Tank  
  125  12:32  Orbital Command  
  125  12:42  Supply Depot  
  125  12:53  Supply Depot  
  125  12:56  Marine x4, SCV  
  125  12:58  Siege Tank  
  133  13:03  Armory  
  133  13:05  Marine x2, Supply Depot, Engineering Bay  
  134  13:06  Marine, Refinery  
  134  13:08  Marine  
  134  13:09  Refinery  
  137  13:14  Marine  
  137  13:15  Marauder x2  
  142  13:28  Supply Depot  
  131  13:54  Marine x8  
  123  14:12  Marine x8  
  131  14:30  Marine  
  131  14:31  Marine x7  
Show
View Real Time Build Order
Export as new Build Order

Rambo Protoss 

Build Orders:  

Get SALT Encoding   

  12  0:01  Probe (Chrono Boost)  
  13  0:13  Probe (Chrono Boost)  
  15  0:22  Probe (Chrono Boost)  
  15  0:25  Pylon  
  15  0:43  Probe  
  15  0:47  Gateway  
  16  0:51  Assimilator  
  16  0:56  Probe  
  17  1:00  Assimilator  
  17  1:05  Pylon  
  17  1:08  Probe  
  18  1:20  Probe  
  19  1:28  Gateway  
  19  1:32  Probe  
  20  1:37  Zealot (Chrono Boost)  
  22  1:44  Probe  
  23  1:55  Zealot  
  23  1:56  Probe, Gateway  
  26  2:10  Pylon  
  26  2:15  Pylon  
  26  2:17  Zealot (Chrono Boost)  
  28  2:25  Cybernetics Core  
  30  2:34  Zealot (Chrono Boost)  
  30  2:41  Zealot (Chrono Boost)  
  34  2:49  Zealot (Chrono Boost)  
  34  2:55  Pylon, Zealot (Chrono Boost)  
  36  3:01  Zealot  
  38  3:11  Zealot  
  40  3:21  Zealot  
  42  3:28  Stalker  
  44  3:38  Stalker  
  46  3:48  Stalker  
  48  3:58  Stalker  
  28  4:47  Nexus  
  28  5:23  Probe  
  29  5:35  Probe  
  27  5:37  Zealot (Chrono Boost)  
  27  5:38  Zealot (Chrono Boost)  
  31  5:52  Probe  
  30  6:06  Pylon  
  30  6:07  Probe  
  15  6:19  Probe (Chrono Boost)  
  14  6:30  Probe (Chrono Boost)  
  15  6:35  Probe (Chrono Boost)  
  16  6:41  Zealot  
  16  6:42  Pylon  
  16  6:45  Probe x2  
  18  6:57  Probe, Pylon  
  18  6:58  Probe  
  18  7:00  Zealot x2  
  20  7:06  Forge  
  20  7:08  Zealot  
  22  7:09  Probe  
  22  7:10  Probe  
  24  7:21  Probe (Chrono Boost)  
  26  7:23  Probe (Chrono Boost)  
  26  7:27  Zealot  
  28  7:32  Probe x2 (Chrono Boost)  
  30  7:37  Probe x2 (Chrono Boost)  
  32  7:48  Probe x2  
  34  7:54  Protoss Ground Weapons Level 1  
  34  8:00  Probe (Chrono Boost)  
  34  8:01  Probe (Chrono Boost)  
  34  8:02  Pylon  
  36  8:12  Probe (Chrono Boost)  
  38  8:13  Probe (Chrono Boost), Stalker  
  38  8:17  Probe (Chrono Boost)  
  38  8:18  Probe (Chrono Boost)  
  42  8:22  Stalker  
  42  8:26  Probe  
  42  8:27  Probe  
  46  8:38  Probe  
  46  8:39  Probe  
  48  8:47  Stalker  
  50  8:50  Probe  
  50  8:51  Probe  
  50  8:52  Stalker  
  50  8:53  Assimilator  
  50  8:54  Stalker  
  56  9:01  Assimilator  
  56  9:03  Probe x2  
  58  9:15  Probe x2  
  60  9:17  Stalker  
  62  9:37  Pylon  
  62  9:48  Protoss Ground Armor Level 1  
  62  9:51  Pylon  
  62  9:55  Probe x2, Stalker x3  
  70  10:09  Probe x2  
  70  10:11  Pylon  
  70  10:12  Pylon  
  72  10:22  Probe x2  
  72  10:25  Stalker x2 (Chrono Boost)  
  72  10:26  Stalker (Chrono Boost)  
  52  10:52  Stalker x3 (Chrono Boost)  
  52  10:54  Probe  
  59  10:58  Probe  
  60  11:06  Probe  
  60  11:10  Probe  
  60  11:18  Probe  
  60  11:22  Probe  
  58  11:25  Stalker (Chrono Boost)  
  58  11:26  Stalker x2 (Chrono Boost)  
  64  11:34  Probe  
  64  11:36  Probe  
  66  11:41  Nexus  
  66  11:42  Protoss Shields Level 1  
  66  11:45  Assimilator  
  66  11:47  Probe, Stalker  
  67  11:48  Probe, Assimilator  
  70  11:59  Probe, Stalker x2  
  75  12:11  Probe  
  76  12:17  Stalker  
  78  12:23  Probe  
  78  12:26  Pylon  
  78  12:27  Pylon  
  78  12:29  Stalker x2, Twilight Council  
  83  12:35  Probe x2  
  83  12:36  Pylon  
  85  12:47  Probe x2, Stalker  
  85  12:48  Nexus  
  89  12:59  Probe x2  
  91  13:10  Assimilator  
  91  13:11  Probe x2  
  93  13:13  Stalker (Chrono Boost)  
  93  13:14  Stalker (Chrono Boost)  
  99  13:22  Pylon  
  99  13:23  Probe x2, Stalker (Chrono Boost)  
  101  13:35  Probe  
  101  13:36  Probe  
  103  13:48  Probe x2  
  81  13:59  Stalker (Chrono Boost)  
  79  14:07  Stalker (Chrono Boost)  
  79  14:08  Stalker (Chrono Boost)  
Show
View Real Time Build Order
Export as new Build Order

Nico Zerg 

Build Orders: 3 Hatch before Pool 

Get SALT Encoding   

  12  0:04  Drone  
  13  0:19  Drone  
  14  0:25  Extractor  
  14  0:26  Drone  
  14  0:28  Overlord  
  15  0:48  Drone x2  
  17  0:56  Drone  
  18  1:09  Hatchery  
  17  1:19  Drone x2  
  19  1:27  Extractor  
  19  1:31  Hatchery  
  17  1:36  Drone x2  
  19  2:00  Spawning Pool  
  18  2:11  Evolution Chamber  
  18  2:13  Drone  
  18  2:14  Drone x2  
  20  2:23  Drone  
  20  2:26  Overlord  
  21  2:41  Zerg Melee Weapons Level 1  
  21  2:48  Queen x2  
  25  2:55  Queen  
  27  3:07  Overlord  
  27  3:11  Zergling x4  
  29  3:15  Zergling x2  
  29  3:18  Metabolic Boost  
  30  3:39  Zergling x14  
  30  3:40  Zergling x2  
  38  3:53  Zergling x2  
  38  3:54  Zergling x6  
  42  4:16  Zergling x10  
  42  4:17  Zergling x6  
  41  5:13  Zergling x14  
  41  5:14  Zergling x4  
  42  5:26  Zergling x6  
  40  5:32  Zergling x2  
  40  5:38  Zergling x4  
  40  5:41  Lair  
  42  5:59  Zergling x6  
  42  6:00  Zergling x6  
  47  6:32  Zergling x2  
  47  6:33  Zergling x6  
  47  6:35  Overlord x5  
  50  6:40  Extractor  
  50  6:42  Extractor  
  48  7:13  Hatchery  
  42  7:16  Zerg Ground Armor Level 1  
  42  7:23  Drone, Spire  
  42  7:24  Drone x7  
  42  7:25  Drone, Zergling x2  
  42  7:26  Zergling x2  
  52  7:54  Drone x5  
  52  7:55  Drone  
  58  8:06  Drone x4  
  58  8:07  Drone x2  
  64  8:27  Queen  
  64  8:28  Drone  
  64  8:29  Drone x4, Extractor  
  64  8:30  Extractor  
  70  8:34  Drone  
  70  8:42  Extractor  
  54  9:11  Mutalisk x2  
  54  9:12  Mutalisk x5  
  54  9:13  Mutalisk  
  54  9:16  Zergling x2  
  54  9:17  Zergling x6  
  69  9:18  Zergling x2  
  69  9:19  Zergling x2  
  69  9:20  Zergling x2  
  69  9:23  Zergling x2  
  73  9:24  Zergling x2  
  74  9:35  Zerg Missile Weapons Level 1  
  74  9:49  Mutalisk  
  74  9:51  Zergling x12  
  74  9:52  Zergling x10  
  70  10:54  Mutalisk  
  70  10:55  Mutalisk x4  
  70  10:56  Zergling x8  
  70  10:57  Zergling x10  
  72  11:21  Zergling x6  
  72  11:22  Zergling x6  
  78  11:31  Mutalisk x3  
  84  11:33  Zergling x6  
  84  12:09  Mutalisk x3  
  84  12:11  Zergling x10  
  84  12:13  Overlord x3  
  84  12:14  Overlord  
  95  12:24  Zerg Flyer Weapons Level 1  
  95  13:10  Infestation Pit  
  94  13:14  Evolution Chamber  
  94  13:19  Baneling Nest  
  92  13:20  Drone x6  
  92  13:22  Drone x3  
  92  13:23  Drone x5  
  92  13:24  Drone x4, Hatchery  
  77  14:02  Mutalisk x6  
  77  14:03  Mutalisk x6  
  91  14:17  Mutalisk x3  
  91  14:18  Zergling x2  
  98  14:29  Extractor  
  98  14:30  Extractor  
Show
View Real Time Build Order
Export as new Build Order

RKL Zerg 

Build Orders: Hatch First 

Get SALT Encoding   

  12  0:01  Drone  
  13  0:12  Overlord  
  13  0:20  Drone  
  14  0:33  Drone x2  
  16  0:53  Drone, Hatchery  
  16  0:58  Extractor  
  16  0:59  Drone  
  16  1:04  Drone  
  17  1:17  Spawning Pool  
  16  1:23  Overlord  
  16  1:34  Drone x2  
  18  1:44  Drone  
  19  2:04  Queen  
  19  2:05  Zergling x4  
  19  2:07  Queen  
  25  2:11  Drone  
  26  2:16  Metabolic Boost  
  26  2:21  Drone  
  27  2:26  Drone  
  27  2:29  Drone  
  29  2:34  Overlord  
  29  2:37  Drone  
  30  2:47  Zergling x4  
  30  2:49  Drone  
  33  2:53  Overlord  
  33  2:59  Zergling x2  
  33  3:05  Drone  
  35  3:09  Zergling x2  
  36  3:16  Zergling x6  
  36  3:17  Zergling x6  
  42  3:24  Zergling x4  
  44  3:34  Zergling x4  
  46  3:53  Zergling x2  
  46  3:54  Zergling x12  
  48  4:07  Zergling x4  
  41  4:17  Zergling x6  
  41  4:18  Zergling x2  
  43  4:26  Zergling x2  
  43  4:27  Zergling x6  
  45  4:38  Zergling x2  
  42  4:39  Zergling x2  
  40  4:59  Zergling x2  
  40  5:00  Zergling x18  
  43  5:07  Baneling Nest  
  43  5:08  Extractor, Zergling x2  
  43  5:09  Zergling x2  
  43  5:17  Spine Crawler  
  43  5:18  Spine Crawler, Zergling x2  
  38  5:37  Zergling x12  
  38  5:38  Zergling x2  
  43  5:45  Zergling x4  
  35  5:57  Baneling x8  
  35  6:01  Baneling x5  
  35  6:02  Baneling  
  35  6:04  Zergling x2  
  35  6:05  Zergling x14  
  43  6:11  Zergling x2  
  39  6:28  Spore Crawler  
  29  6:49  Spore Crawler  
  11  7:10  Zergling x2  
  11  7:11  Zergling x14  
  19  7:18  Drone  
  20  7:28  Drone  
  22  7:37  Drone  
  22  7:43  Baneling x2  
  23  7:51  Drone  
  23  7:59  Drone  
  24  8:05  Drone  
  24  8:10  Drone  
  26  8:16  Drone  
  27  8:20  Drone  
  27  8:26  Drone  
  29  8:35  Drone  
  29  8:38  Drone  
  31  8:45  Drone x2  
  33  8:50  Drone  
  33  8:55  Drone  
  35  9:02  Drone x2  
  37  9:12  Baneling  
  37  9:13  Baneling x2  
  37  9:15  Drone x3  
  40  9:45  Drone x5, Evolution Chamber  
  43  9:46  Drone  
  43  9:48  Extractor  
  44  9:53  Lair  
  44  10:13  Hatchery  
  42  10:17  Zergling x8  
  42  10:18  Zergling x12  
  44  10:23  Zergling x2  
  44  10:26  Zergling x2  
  44  10:28  Zergling x2  
  41  10:30  Zergling x2  
  40  10:42  Zergling x8  
  36  10:45  Baneling x2  
  34  10:54  Zergling x2  
  34  10:55  Zergling x4  
  34  11:03  Baneling x4  
  29  11:32  Spawning Pool  
  27  11:50  Extractor  
  26  12:21  Lair  
  26  12:40  Hatchery  
  25  12:44  Zergling x2  
  25  12:45  Zergling x16  
  25  12:46  Hatchery  
  33  12:53  Evolution Chamber  
  32  13:24  Baneling Nest  
  13  13:44  Drone x5  
  13  13:45  Drone  
Show
View Real Time Build Order
Export as new Build Order

TITAN Terran 

Build Orders:  

Get SALT Encoding   

  12  0:02  SCV  
  13  0:14  SCV  
  14  0:26  Supply Depot  
  14  0:33  SCV  
  15  0:36  Refinery  
  15  0:48  SCV  
  16  0:53  Barracks  
  16  1:00  SCV  
  17  1:14  Barracks  
  17  1:16  SCV  
  18  1:26  Barracks  
  18  1:35  Refinery  
  18  1:37  SCV  
  19  1:45  Supply Depot  
  19  1:48  Marine  
  20  2:02  Marine  
  21  2:17  Marine x2  
  21  2:20  Marine  
  24  2:23  Orbital Command  
  24  2:35  Marine x2  
  26  2:42  Factory  
  26  2:44  Marine  
  27  2:54  SCV  
  28  3:06  SCV  
  28  3:09  Marine x2  
  31  3:19  Supply Depot  
  31  3:24  Supply Depot  
  31  3:41  Marine  
  32  3:48  Engineering Bay  
  32  3:49  Factory Tech Lab  
  32  3:53  Supply Depot  
  26  4:16  Supply Depot  
  24  4:17  Marine x3  
  27  4:25  Armory  
  27  4:35  Marine x3  
  27  4:53  Marine x2  
  29  5:03  Command Center  
  29  5:33  Thor  
  32  5:46  Factory  
  32  5:48  Factory  
  27  5:57  Terran Infantry Weapons Level 1  
  27  5:59  Terran Vehicle Weapons Level 1  
  27  6:01  Marine x2  
  27  6:02  Marine  
  30  6:19  Marine x3  
  33  6:26  Thor  
  39  6:33  Factory Tech Lab  
  39  6:36  SCV  
  39  6:37  Marine x3  
  43  6:55  Thor  
  49  7:02  Orbital Command  
  49  7:30  Factory Tech Lab  
  49  7:31  SCV  
  50  7:43  SCV, Thor  
  57  7:55  SCV  
  58  8:07  SCV  
  58  8:12  Missile Turret  
  59  8:13  Missile Turret  
  59  8:19  SCV  
  60  8:25  Refinery  
  60  8:28  Refinery, Thor  
  60  8:29  Thor  
  60  8:31  SCV  
  73  8:37  Supply Depot  
  73  8:41  Supply Depot  
  73  8:42  Terran Vehicle And Ship Armor Level 1  
  73  8:43  SCV  
  74  8:58  Thor  
  72  9:16  Siege Tank x2  
  53  9:38  Missile Turret x2  
  53  9:42  Missile Turret  
  53  9:43  SCV  
  53  9:45  Missile Turret x2  
  54  9:56  SCV  
  55  10:08  SCV  
  56  10:20  SCV  
  57  10:32  SCV  
  58  10:35  Terran Vehicle Weapons Level 2  
  58  10:44  SCV  
  59  10:53  Command Center  
  59  10:56  SCV  
  60  11:06  Marine x3  
  60  11:08  SCV  
  60  11:10  Thor x2  
  76  11:11  Thor  
  64  11:24  Marine x3  
  67  11:36  Supply Depot  
  67  11:37  Supply Depot  
  67  11:38  Supply Depot  
  67  11:42  Marine x3  
  70  11:59  Supply Depot, Marine  
  70  12:00  Marine  
  66  12:13  Planetary Fortress  
  66  12:19  Refinery  
  66  12:20  Thor x3  
  84  12:43  Marine  
  84  12:44  Marine x2  
  87  13:01  Marine x2  
  87  13:02  Marine  
  87  13:03  Siege Tank  
  93  13:10  Factory  
  93  13:15  Siege Tank x2  
  93  13:19  Marine  
  56  14:25  Marine x3  
Tags
 
Add a new tag
Caveats
  • Supply blocks, unpowered buildings, or Contaminate may cause inaccurate times.
  • Supply counts are checked every 10 seconds.